 Dungeon Crawl Stone Soup version 0.17-a0-1617-gfba1302 (webtiles) character file.

10663 wvc the Slicer (level 11, -8/90 HPs)
             Began as a Naga Artificer on Aug 1, 2015.
             Was an Elder of Dithmenos.
             Mangled by a spiny frog (21 damage)
             ... on level 2 of the Lair of Beasts.
             The game lasted 00:26:11 (12662 turns).

wvc the Slicer (Naga Artificer)                    Turns: 12662, Time: 00:26:11

Health: -8/90      AC: 15    Str: 13    XL:     11   Next: 65%
Magic:  13/13      EV: 10    Int: 12    God:    Dithmenos [****..]
Gold:   676        SH:  9    Dex: 19    Spells: 0 memorised, 10 levels left

rFire  . . .     SeeInvis +     e - +4 dagger (elec)
rCold  . . .     Clarity  .     J - +3 leather armour
rNeg   . . .     SustAt   .     p - +0 shield
rPois  +         Gourm    .     E - +0 helmet
rElec  .         Spirit   .     g - +0 cloak
rCorr  .         Warding  .     (no gloves)
rMut   .         Stasis   .     (no barding)
MR     +....                    (no amulet)
Stlth  +++++++...               z - +4 ring of protection
                                w - +3 ring of dexterity

@: short of breath, wreathed by umbra, very slow, somewhat resistant to hostile
enchantments, extremely stealthy
A: see invisible, deformed body, poison resistance, slowness 2, slow metabolism
1, spit poison 2, AC +3
a: Spit Poison, Shadow Step, Renounce Religion


You were on level 2 of the Lair of Beasts.
You worshipped Dithmenos.
Dithmenos was greatly pleased with you.
You were not hungry.

You visited 2 branches of the dungeon, and saw 12 of its levels.

You collected 676 gold pieces.

Inventory:

Hand weapons
 e - a +4 dagger of electrocution (weapon)
 k - a +3 short sword of draining
 q - a +1 dagger of draining
 v - a +1 rapier of speed
 H - a +0 demon whip
Missiles
 n - 9 javelins (quivered)
 u - 30 poisoned needles
Armour
 g - a +0 cloak (worn)
 p - a +0 shield (worn)
 E - a +0 helmet (worn)
 J - a +3 leather armour (worn)
Jewellery
 c - an uncursed ring of positive energy
 w - a +3 ring of dexterity (left hand)
 z - a +4 ring of protection (right hand)
Magical devices
 d - a wand of enslavement (21)
 l - a wand of paralysis (5)
 G - a wand of cold (6)
Scrolls
 a - a scroll of teleportation
 j - a scroll of blinking
 m - a scroll of remove curse
 s - 5 scrolls of amnesia
 t - a scroll of fear
 x - a scroll of enchant armour
 B - a scroll of identify
 F - a scroll of fog
 I - a scroll of magic mapping
Potions
 b - 7 potions of curing
 h - a potion of magic
 o - a potion of flight {unknown}
 r - a potion of lignification {unknown}
 A - a potion of ambrosia {unknown}
 C - a potion of mutation {unknown}
Books
 y - a book of Summonings

   Spells                             Type                      Level
   a - Recall                         Summoning/Translocation      3
   b - Aura of Abjuration             Summoning                    5
   c - Shadow Creatures               Summoning                    5
   d - Summon Demon                   Summoning                    5
   e - Summon Forest                  Summoning/Translocation      5
   f - Summon Mana Viper              Hexes/Summoning              5
Comestibles
 f - 6 bread rations
 i - 3 meat rations
 K - 4 royal jellies


   Skills:
 + Level 3.0 Fighting
 - Level 13.7 Short Blades
 + Level 4.3 Armour
 + Level 4.3 Dodging
 - Level 9.2 Stealth
 * Level 4.3 Shields
 - Level 3.0 Evocations


You had 10 spell levels left.
You didn't know any spells.

Dungeon Overview and Level Annotations

Branches:
Dungeon (10/15)            Temple (0/1) D:5            Lair (2/8) D:9
    Orc: D:9-12

Altars:
Cheibriados
Dithmenos
Elyvilon
Fedhas
Gozag
Makhleb
Okawaru
Yredelemnul
Zin

Shops:
D:5 :   D:8 :

Annotations:
D:4 Grinder


Innate Abilities, Weirdness & Mutations

You cannot wear boots.
Your serpentine skin is tough (AC +3).
You have supernaturally acute eyesight.
Armour fits poorly on your strangely shaped body.
Your system is resistant to poisons.
You cover ground very slowly.
You have a slow metabolism.
You can spit poison.


Message History

The spriggan rider hits you but does no damage.
You closely miss the spiny frog. You hit the spiny frog.
The spiny frog is lightly wounded.
The spiny frog barely misses you. You block the spriggan rider's attack.
You hit the spiny frog.
The spiny frog is moderately wounded.
You block the spiny frog's attack.
You hit the spiny frog.
The spiny frog is moderately wounded.
The spriggan rider barely misses you. The spiny frog stings you!
* * * LOW HITPOINT WARNING * * *
You barely miss the spriggan rider.
The spriggan rider is heavily wounded.
You completely miss the spriggan rider.
The spriggan rider is heavily wounded.
The spriggan rider hits you with a spear.
* * * LOW HITPOINT WARNING * * *
The spiny frog stings you!!
You die...

###.....P8...(!%
#.#.†P.%....P..%
#..............
##.♣.....8%.... ##
###..P.P......8..
.##.##..#...%P.....%..
..................%...
..........Fi♣♣♣.......
..........@...........
.......<........♣.....
.....................#
........>..........###
...................#
###.####P..#....... ##
#####....... ......
....


You could see a spriggan rider and a spiny frog.

Vanquished Creatures
  The ghost of Urgaas the Transmogrifier, an experienced DrTm of Sif Muna (D:8)
  Maurice (D:8)
  A komodo dragon (Lair:1)
  A queen bee (Lair:1)
  A trapdoor spider (D:8)
  Sigmund (D:4)
  9 humans (D:7)
  6 yaks (D:9)
  A basilisk (Lair:2)
  2 hippogriffs
  5 wolves (Lair:1)
  2 wargs (D:9)
  A porcupine (Lair:1)
  Duvessa (D:7)
  2 black bears
  3 ice beasts
  5 ogres
  3 phantoms
  A wasp (D:8)
  A sky beast (D:8)
  4 orc warriors
  4 centaurs
  6 giant frogs
  Blork the orc (D:5)
  A big kobold (D:9)
  A water moccasin zombie (D:9)
  Dowan (D:7)
  A gnoll sergeant (D:8)
  2 scorpions
  3 wights (D:7)
  19 killer bees
  3 crimson imps
  A jelly (D:9)
  7 hounds
  2 quasits
  2 iguanas
  3 giant frog zombies
  9 orc priests
  Crazy Yiuf (D:6)
  2 giant frog skeletons
  A centaur skeleton (D:4)
  4 orc wizards
  5 worker ants
  9 sheep
  2 hound skeletons
  A worker ant zombie (D:9)
  14 gnolls
  7 adders
  2 shadow imps
  3 oozes
  A worm (D:5)
  2 giant geckos (D:3)
  25 orcs
  7 bats
  12 goblins
  4 hobgoblins
  20 jackals
  A ball python (D:3)
  2 giant cockroaches
  A giant gecko zombie (D:5)
  A giant newt (D:2)
  4 kobolds
  2 quokkas
  A quokka skeleton (D:5)
  A quokka zombie (D:5)
  8 rats
261 creatures vanquished.

Vanquished Creatures (others)
  2 fungi (Lair:1)
2 creatures vanquished.

Grand Total: 263 creatures vanquished

Notes
Turn   | Place    | Note
--------------------------------------------------------------
     0 | D:1      | wvc the Naga Artificer began the quest for the Orb.
     0 | D:1      | Reached XP level 1. HP: 18/18 MP: 3/3
   144 | D:1      | Reached XP level 2. HP: 9/25 MP: 4/4
   807 | D:2      | Found a glowing silver altar of Zin.
  1042 | D:2      | Found a shadowy altar of Dithmenos.
  1048 | D:2      | Became a worshipper of Dithmenos the Shadowed
  1088 | D:2      | Reached XP level 3. HP: 31/31 MP: 5/5
  1123 | D:2      | Reached skill level 1 in Armour
  1653 | D:3      | Found an iron altar of Okawaru.
  1670 | D:3      | Found a snail-covered altar of Cheibriados.
  1673 | D:3      | Found a basalt altar of Yredelemnul.
  1676 | D:3      | Found a burning altar of Makhleb.
  1725 | D:3      | Reached XP level 4. HP: 34/38 MP: 6/6
  1891 | D:3      | Found a faded altar to an unknown god.
  2295 | D:4      | Found a blossoming altar of Fedhas.
  2302 | D:4      | Reached XP level 5. HP: 41/44 MP: 7/7
  2370 | D:4      | Noticed Grinder
  2454 | D:4      | Noticed Sigmund
  2466 | D:4      | Killed Sigmund
  2466 | D:4      | Reached skill level 5 in Short Blades
  2466 | D:4      | Reached XP level 6. HP: 48/51 MP: 8/8
  2526 | D:4      | Noticed an ogre
  2538 | D:4      | Killed an ogre
  2731 | D:4      | Noticed an ogre
  2737 | D:4      | Killed an ogre
  2737 | D:4      | Reached skill level 6 in Short Blades
  2737 | D:4      | Reached XP level 7. HP: 40/57 MP: 9/9
  2874 | D:4      | Paralysed by Grinder for 2 turns
  3063 | D:5      | Entered Level 5 of the Dungeon
  3384 | D:5      | Reached skill level 7 in Short Blades
  3546 | D:5      | Reached skill level 5 in Stealth
  3740 | D:5      | Noticed Blork the orc
  3747 | D:5      | Killed Blork the orc
  3747 | D:5      | Reached XP level 8. HP: 62/64 MP: 10/10
  3752 | D:5      | Found an opulent altar of Gozag.
  3752 | D:5      | Found Gywneloiwk's Book Shoppe.
  3850 | D:5      | Reached skill level 8 in Short Blades
  4084 | D:5      | Found a staircase to the Ecumenical Temple.
  4896 | D:6      | Reached skill level 9 in Short Blades
  4938 | D:6      | Acquired Dithmenos's first power
  4957 | D:6      | Reached XP level 9. HP: 25/70 MP: 11/11
  5560 | D:6      | Noticed Crazy Yiuf
  5564 | D:6      | Killed Crazy Yiuf
  5661 | D:6      | Reached skill level 10 in Short Blades
  6467 | D:7      | Reached skill level 11 in Short Blades
  6599 | D:7      | Reached skill level 12 in Short Blades
  6599 | D:7      | Reached XP level 10. HP: 69/78 MP: 12/12
  6772 | D:7      | Noticed Duvessa
  6772 | D:7      | Noticed Dowan
  6776 | D:7      | Killed Duvessa
  6780 | D:7      | Killed Dowan
  6790 | D:7      | Found a white marble altar of Elyvilon.
  7309 | D:8      | Noticed Maurice
  7355 | D:8      | Killed Maurice
  7355 | D:8      | Reached skill level 13 in Short Blades
  7374 | D:8      | Noticed Urgaas's ghost (experienced DrTm)
  7402 | D:8      | Killed Urgaas's ghost
  8248 | D:8      | Reached skill level 1 in Shields
  8331 | D:8      | Found Pysojysh's Book Emporium.
  8442 | D:9      | Found a staircase to the Lair.
  8802 | D:9      | Reached XP level 11. HP: 64/85 MP: 13/13
  9181 | D:9      | Acquired Dithmenos's second power
 10915 | D:10     | Entered Level 10 of the Dungeon
 10994 | Lair:1   | Entered Level 1 of the Lair of Beasts
 11246 | Lair:1   | Acquired Dithmenos's third power
 12637 | Lair:2   | Noticed a spriggan rider
 12662 | Lair:2   | Mangled by a spiny frog

Vault maps used:
D:1:      minmay_arrival_jagged, roderic_filled_cross
D:2:      lemuel_doored_altar, first_bread,
          nicolae_dithmenos_through_a_glass_darkly
D:3:      grunt_temple_overflow_cloverleaf, ecumenical_altar_2,
          kennysheep_cluttered_room
D:4:      fedhas_altar_1, uniq_sigmund, uniq_grinder
D:5:      minmay_temple_entry_statues_pillars, serial_shops, shop,
          grunt_gozag_breadcrumbs, uniq_blork_the_orc
D:6:      corexii_corridor_pit, uniq_crazy_yiuf_cottage
D:7:      erik_1, lemuel_crystal_altar, uniq_duvessa
D:8:      serial_shops, nicolae_shop_window_shopping, uniq_maurice
D:9:      erik_lair_orcish_takeover
D:10:     dk_noncrumbling_4
Lair:1:   special_room, grunt_megastairs_2
Lair:2:   st_stairs_3, grunt_forest_large_clearings, uniq_urug, uniq_gastronok

Action                   |  1- 3 |  4- 6 |  7- 9 | 10-12 || total
-------------------------+-------+-------+-------+-------++-------
Melee: Short sword       |    71 |    74 |    34 |       ||   179
       Dagger            |       |       |   240 |   636 ||   876
Throw: Javelin           |       |     3 |    12 |     3 ||    18
 Abil: Spit Poison       |     2 |     5 |     8 |     8 ||    23
  Use: Scroll            |    10 |       |     7 |     8 ||    25
       Potion            |       |       |     6 |     3 ||     9
 Stab: Sleeping          |       |       |    21 |    13 ||    34
       Distracted        |       |       |     1 |     3 ||     4
  Eat: Fruit             |     5 |       |       |       ||     5
       Pizza             |     1 |       |       |     5 ||     6
       Meat ration       |       |       |     2 |     1 ||     3
       Royal jelly       |       |       |     1 |       ||     1
       Beef jerky        |       |       |       |     2 ||     2
       Chunk             |       |       |       |     1 ||     1
